 Dungeon Crawl Stone Soup version 0.27.0 (webtiles) character file.

Game seed: 6444194542621426156

53 mainiacjoe the Stinger (level 3, 0/26 HPs)
             Began as a Draconian Venom Mage on July 31, 2021.
             Killed from afar by Robin (11 damage)
             ... with a puff of flame
             ... on level 2 of the Dungeon.
             The game lasted 00:06:02 (1921 turns).

mainiacjoe the Stinger (Draconian Venom Mage)       Turns: 1921, Time: 00:06:03

Health: 0/26       AC:  5    Str: 10    XL:     3   Next: 64%
Magic:  0/6        EV: 12    Int: 16    God:
Gold:   68         SH:  0    Dex: 11    Spells: 0/6 levels left

rFire    . . .     SeeInvis .   b - +0 dagger (venom)
rCold    . . .     Faith    .   (no shield)
rNeg     . . .     Spirit   .   (armour unavailable)
rPois    .         Reflect  .   (helmet restricted)
rElec    .         Harm     .   (no cloak)
rCorr    .         Rampage  .   (no gloves)
Will     .....                  (no boots)
Stlth    ++........             (no amulet)
HPRegen  0.08/turn              (no ring)
MPRegen  0.10/turn              (no ring)

@: very slightly contaminated
A: AC +5, unfitting armour, cold-blooded
a: no special abilities


You were on level 2 of the Dungeon.
You visited 1 branch of the dungeon, and saw 2 of its levels.

You collected 68 gold pieces.

Inventory:

Hand Weapons
 a - a +0 hunting sling
 b - a +0 dagger of venom (weapon)
 i - a +0 whip
Missiles
 c - 87 stones (quivered)
 e - 29 arrows
Scrolls
 h - 2 scrolls of teleportation {unknown}
Potions
 d - a potion of resistance {unknown}
 f - a potion of heal wounds {unknown}
 g - a potion of mutation {unknown}


   Skills:
 - Level 1.7 Dodging
 + Level 2.6 Stealth
 - Level 2.0 Spellcasting
 - Level 1.0 Transmutations
 + Level 0.5 Air Magic
 + Level 4.1 Poison Magic


You couldn't memorise any spells.
You knew the following spells:

 Your Spells              Type           Power      Damage    Failure   Level
a - Sting                 Tmut/Pois      36%        1d4       8%          1
b - Poisonous Vapours     Pois/Air       16%        N/A       12%         2
c - Mephitic Cloud        Conj/Pois/Air  6%         N/A       32%         3

Your spell library contained the following spells:

 Spells                   Type           Power      Damage    Failure   Level
 Olgreb's Toxic Radiance  Pois           14%        N/A       36%         4


Dungeon Overview and Level Annotations

Branches:
Dungeon (2/15)

Altars:

Annotations:
D:2 Robin


Innate Abilities, Weirdness & Mutations

Your plain brown scales are hard. (AC +5)
You cannot fit into any form of body armour.
You are cold-blooded and may be slowed by cold attacks.


Message History

Magic restored.
HP restored.
You start waiting.
Done waiting.
You climb downwards.
Level annotation: Robin
There is a stone staircase leading up here.
Casting: Poisonous Vapours (safe; 12% risk of failure)
Confirm with . or Enter, or press ? or * to list all spells.
Aiming: Poisonous Vapours (safe; 12% risk of failure)
Press: ? - help, Dir - move target, f - Robin
Aim: Robin, wielding a +0 falchion, wearing a +0 leather armour, wearing a +0 helmet and carrying a wand of flame (14) Poisonous vapours surround Robin!
Robin is poisoned.
Casting: Poisonous Vapours (safe; 12% risk of failure)
Confirm with . or Enter, or press ? or * to list all spells.
Aiming: Poisonous Vapours (safe; 12% risk of failure)
Press: ? - help, Dir - move target, f/p - Robin
Aim: Robin, wielding a +0 falchion, wearing a +0 leather armour, wearing a +0 helmet and carrying a wand of flame (14) (poisoned) Poisonous vapours surround Robin!
Robin looks even sicker.
Casting: Poisonous Vapours (safe; 12% risk of failure)
Confirm with . or Enter, or press ? or * to list all spells.
Aiming: Sting (safe; 8% risk of failure)
Press: ? - help, Shift-Dir - straight line, f/p - Robin
Aim: Robin, wielding a +0 falchion, wearing a +0 leather armour, wearing a +0 helmet and carrying a wand of flame (14) (lightly wounded, very poisoned, 77% to hit)
You miscast Sting.
You are very lightly contaminated with residual magic.
Nothing appears to happen.
Robin zaps a wand.
The puff of flame hits you!
Casting: Sting (safe; 8% risk of failure)
Confirm with . or Enter, or press ? or * to list all spells.
Aiming: Sting (safe; 8% risk of failure)
Press: ? - help, Shift-Dir - straight line, f/p - Robin
Aim: Robin, wielding a +0 falchion, wearing a +0 leather armour, wearing a +0 helmet and carrying a wand of flame (13) (lightly wounded, very poisoned, 77% to hit)
The sting hits Robin but does no damage.
Robin looks even sicker.
Robin is lightly wounded.
Robin hits you with a +0 falchion.
Your +0 dagger of venom begins to drip with poison!
b - a +0 dagger of venom (weapon)
Robin zaps a wand.
The puff of flame hits you!
You die...

#....... #.....# #.......
#.....# #.##.#.# ##...##
#.##.#.# ###.# ###########
#.##.#.# #.# ..........#
#.##.#.#########.#
#########.###................#
#.#....g...###########
#.#.####@### ##.#.####.######
#..............####
#.##.###.#.##......
#.##....###......#
#.##..##.#.##......
#.##>...#.### #####
#.###.#.....# #.# #.###.#...#


You could see Robin (very poisoned).

Vanquished Creatures
  A dart slug (D:1)
  3 ball pythons (D:1)
  5 endoplasms (D:1)
  2 giant cockroaches (D:1)
  8 goblins
  3 hobgoblins
  6 jackals (D:1)
  2 quokkas
  4 bats (D:1)
  6 frilled lizards (D:1)
  3 kobolds (D:1)
  A rat (D:1)
44 creatures vanquished.

Notes
Turn   | Place    | Note
-------+----------+-------------------------------------------
     0 | D:1      | mainiacjoe the Draconian Venom Mage began the quest for the
                  | Orb.
     0 | D:1      | Reached XP level 1. HP: 14/14 MP: 3/3
   411 | D:1      | Reached XP level 2. HP: 20/20 MP: 5/5
   414 | D:1      | Learned a level 2 spell: Poisonous Vapours
   873 | D:1      | Reached XP level 3. HP: 20/26 MP: 6/6
   877 | D:1      | Learned a level 3 spell: Mephitic Cloud
  1136 | D:1      | Found a faded altar of an unknown god.
  1139 | D:1      | Noticed a great orb of eyes
  1140 | D:1      | Noticed a shining eye
  1140 | D:1      | Noticed a great orb of eyes
  1140 | D:1      | Noticed a golden eye
  1148 | D:1      | Reached skill level 4 in Poison Magic
  1610 | D:2      | Noticed Robin
  1921 | D:2      | Killed from afar by Robin

Illustrated notes

Levels and vault maps discovered:
D:1:      evilmike_arrival_plus, layout_loops_ring,
          hellmonk_ecumenical_altar_watching_god, nrook_mini_vaults
D:2:      layout_loops_ring, uniq_robin, uniq_natasha

Skill      XL: |  1  2  3 |
---------------+----------+-----
Stealth        | 2 |  2.6
Poison Magic   | 4 |  4.1
Dodging        | |  1.7
Spellcasting   | |  2.0
Transmutations | |  1.0
Air Magic      | |  0.5

Action                   || total
-------------------------++-------
Melee: Whip              ||    13
       Unarmed           ||     6
       Tailslap          ||     5
       Dagger            ||    47
 Fire: Hunting sling     ||    10
Throw: Stone             ||    60
 Cast: Sting             ||    11
       Poisonous Vapours ||    16
Armor: Skin              ||    21
Dodge: Dodged            ||    30
